 Dungeon Crawl Stone Soup version 0.32-a0-814-g0968bab981 (webtiles) character file.

Game seed: 2629357230210034908

2910 Konar the Skirmisher (level 9, 0/61 HPs)
             Began as a Coglin Hunter on Mar 23, 2024.
             Was a Priest of Okawaru.
             Slain by a +2 hand axe of chaos (4 damage)
             ... while petrified by a +2 hand axe of chaos
             ... on level 6 of the Dungeon.
             The game lasted 00:07:29 (5694 turns).

Konar the Skirmisher (Coglin Hunter)                Turns: 5694, Time: 00:07:29

Health: 0/61       AC:  9    Str: 12    XL:     9   Next: 78%
Magic:  6/9        EV:  2    Int:  9    God:    Okawaru [***...]
Gold:   249        SH:  0    Dex: 21    Spells: 8/8 levels left

rFire   . . .        a - +2 sling {Tochtli}
rCold   . . .        d - +0 sling {Nhalahla}
rNeg    + + +        c - +0 leather armour
rPois   ∞            f - +2 helmet
rElec   .            q - +2 cloak {Will+}
rCorr   .            (no gloves)
SInv    .            (no boots)
Will    +....        (amulet unavailable)
Stlth   ++           (ring unavailable)
HPRegen 0.30/turn    (ring unavailable)
MPRegen 0.11/turn    (no gizmo)

%: no passive effects
@: lethally poisoned (0 -> 0), petrified, weakened, hasted and slowed, revving
A: off-hand wielding, slow wielding, warmup strikes, no jewellery
a: Invent Gizmo, Renounce Religion, Heroism


You were on level 6 of the Dungeon.
You worshipped Okawaru.
Okawaru was most pleased with you.
You visited 2 branches of the dungeon, and saw 7 of its levels.
You also visited: Ossuary.

You collected 249 gold pieces.

Inventory:

Hand Weapons
 a - a +2 sling (weapon) {Tochtli}
 d - a +0 sling (offhand) {Nhalahla}
Armour
 c - a +0 leather armour (worn)
 f - a +2 helmet (worn)
 q - a +2 cloak of willpower (worn)
Wands
 h - a wand of flame (40)
 k - a wand of charming (20)
 v - a wand of warping (14)
Scrolls
 b - a scroll of butterflies
 g - a scroll of immolation
 o - a scroll of fear
Potions
 e - a potion of haste
 i - 3 potions of mutation
 j - 2 potions of heal wounds
 l - 2 potions of curing
 m - a potion of magic {unknown}
 n - 2 potions of berserk rage {unknown}
 p - 2 potions of lignification {unknown}
 r - a potion of ambrosia {unknown}
 s - 4 potions of enlightenment {unknown}
 t - 4 potions of might {unknown}
 u - a potion of invisibility {unknown}


   Skills:
 - Level 2.0 Fighting
 + Level 12.6 Ranged Weapons
 - Level 1.7 Dodging
 - Level 0.7 Stealth


You had 8 spell levels left.
You didn't know any spells.
Your spell library contained the following spells:

 Spells                   Type           Power      Damage    Failure   Level
 Hailstorm                Conj/Ice       0%         3d5       83%         3
 Inner Flame              Hex/Fire       0%         N/A       83%         3
 Irradiate                Conj/Alch      0%         3d11      100%        5
 Permafrost Eruption      Ice/Erth       0%         2x4d2     100%        6
 Ignition                 Fire           0%         3d3       100%        8
 Summon Ice Beast         Ice/Summ       Unusable   N/A       N/A         3
 Sculpt Simulacrum        Ice/Alch       Unusable   N/A       N/A         6

Dungeon Overview and Level Annotations

Branches:
Dungeon (6/15)             Temple (1/1) D:6         Ossuary (visited)

Altars:
Ashenzari
Cheibriados
Dithmenos
Elyvilon
Fedhas
Gozag
Hepliaklqana
Makhleb
Nemelex Xobeh
Okawaru
Qazlal
Ru
Sif Muna
Trog
Uskayaw
Vehumet
Wu Jian
Xom
Yredelemnul
Zin
The Shining One

Annotations:
D:6 Nilihum's ghost, novice DEAl


Innate Abilities, Weirdness & Mutations

You can wield a second weapon in your off-hand.
It takes a long time for you to wield or remove held weapons.
Your first few attacks do less damage.
You cannot equip rings or amulets.


Message History

You are too injured to fight recklessly!
You feel much better.
You feel sick. The +2 hand axe of chaos hits you.
The +2 hand axe of chaos burns you.
Nilihum's ghost whispers, "Meet the emptiness of death!"
You shoot a sling bullet.
The sling bullet barely misses the +2 hand axe of chaos.
The sling bullet hits Nilihum's ghost.
Nilihum's ghost is lightly damaged.
You shoot a sling bullet.
The sling bullet misses the +2 hand axe of chaos.
The sling bullet barely misses Nilihum's ghost.
You feel sick.
The +2 hand axe of chaos hits you but does no damage.
The +2 hand axe of chaos hits you.
You are slowing down.
Okay, then.
Okay, then.
You feel as though your hastened speed will last longer.
You feel sick.
The +2 hand axe of chaos completely misses you.
Nilihum's ghost screams, "I'll kill anyone who wants the ORB!"
The +2 hand axe of chaos hits you!
You suddenly lose the ability to move!
You can move again.
Your limbs are stiffening.
The +2 hand axe of chaos hits you!
* * * LOW HITPOINT WARNING * * *
The +2 hand axe of chaos hits you!
* * * LOW HITPOINT WARNING * * *
You feel your power leaking away. The +2 hand axe of chaos hits you.
* * * LOW HITPOINT WARNING * * *
You feel your attacks grow feeble.
You have turned to stone.
The +2 hand axe of chaos hits you!
* * * LOW HITPOINT WARNING * * *
The +2 hand axe of chaos burns you.
* * * LOW HITPOINT WARNING * * *
The +2 hand axe of chaos hits you but does no damage.
The +2 hand axe of chaos hits you!
You die...

#.......(#......................
##........#................).....
..........#......................
..........#......................
.....####.#......................
####.# #P........................
#.####.##.....................
#..P#...#P....................
##....>......@................
##P#...#P.##(##..............
####.##..#.W$#..............
#P.P...##.##..............
##.#....###...............
#........................
###......................
#......................
#......................


You could see a +2 hand axe of chaos and Nilihum's ghost.

Vanquished Creatures
  Jeremiah (D:6)
  Grinder (D:3)
  Sigmund (D:3)
  3 water moccasins
  A black bear (D:5)
  The ghost of Takeo the Charlatan, an amateur CoAr (D:3)
  2 phantoms
  A kobold brigand (D:6)
  An elf zombie (D:6)
  A scorpion (D:5)
  7 water moccasin zombies (Ossuary)
  A burial acolyte (Ossuary)
  A howler monkey (D:4)
  2 hounds (D:6)
  3 jellies (D:6)
  4 bombardier beetles
  3 orc priests (D:6)
  Ijyb (D:4)
  2 sleepcaps
  Jessica (D:3)
  3 iguanas
  3 orc wizards (D:6)
  2 human skeletons (D:6)
  2 crocodile zombies (Ossuary)
  2 mummies (Ossuary)
  4 gnolls (D:3)
  7 adders
  4 ufetubi (D:6)
  2 adder zombies (Ossuary)
  3 dart slugs
  10 orcs
  5 bats
  8 endoplasms
  5 giant cockroaches
  8 gnoll zombies (Ossuary)
  5 goblins
  3 hobgoblins
  9 jackals
  4 quokkas
  8 ball pythons
  3 frilled lizards
  4 jackal zombies (Ossuary)
  15 kobolds
  An orc skeleton (D:6)
  6 orc zombies
  8 rats
172 creatures vanquished.

Notes
Turn   | Place    | Note
-------+----------+-------------------------------------------
     0 | D:1      | Konar the Coglin Hunter began the quest for the Orb.
     0 | D:1      | Reached XP level 1. HP: 16/16 MP: 1/1
    83 | D:1      | Reached skill level 4 in Ranged Weapons
    83 | D:1      | Reached XP level 2. HP: 22/22 MP: 2/2
   342 | D:1      | Reached XP level 3. HP: 24/27 MP: 3/3
   526 | D:1      | Found a faded altar of an unknown god.
   906 | D:2      | Reached skill level 5 in Ranged Weapons
   906 | D:2      | Reached XP level 4. HP: 33/33 MP: 4/4
  1726 | D:3      | Reached XP level 5. HP: 30/38 MP: 5/5
  1856 | D:3      | Found a runed translucent door.
  1856 | D:3      | Noticed Takeo's ghost (amateur CoAr)
  1965 | D:3      | Noticed Jessica
  1966 | D:3      | Killed Jessica
  1967 | D:3      | Reached skill level 6 in Ranged Weapons
  2116 | D:3      | Noticed Grinder
  2124 | D:3      | Killed Grinder
  2125 | D:3      | Reached skill level 7 in Ranged Weapons
  2125 | D:3      | Reached XP level 6. HP: 29/44 MP: 6/6
  2211 | D:3      | Noticed Sigmund
  2217 | D:3      | Killed Sigmund
  2218 | D:3      | Reached XP level 7. HP: 50/50 MP: 7/7
  2612 | D:3      | Killed Takeo's ghost
  2613 | D:3      | Reached skill level 8 in Ranged Weapons
  3277 | D:4      | Found an iron altar of Okawaru.
  3284 | D:4      | Became a worshipper of Warmaster Okawaru
  3305 | D:4      | Found a snail-covered altar of Cheibriados.
  3432 | D:5      | Entered Level 5 of the Dungeon
  3472 | D:5      | Noticed Ijyb
  3491 | D:4      | Killed Ijyb
  3615 | D:5      | Reached XP level 8. HP: 39/56 MP: 8/8
  3697 | D:5      | Reached skill level 9 in Ranged Weapons
  3848 | D:5      | Reached skill level 10 in Ranged Weapons
  4044 | D:5      | Reached * piety under Okawaru
  4241 | D:6      | Found a radiant altar of Vehumet.
  4354 | D:6      | Found a sand-covered staircase.
  4398 | Ossuary  | Entered an ossuary
  4468 | Ossuary  | Reached XP level 9. HP: 59/61 MP: 9/9
  4480 | Ossuary  | Reached skill level 11 in Ranged Weapons
  4513 | Ossuary  | Reached ** piety under Okawaru
  4908 | D:6      | Noticed Jeremiah
  4936 | D:6      | Killed Jeremiah
  4937 | D:6      | Reached skill level 12 in Ranged Weapons
  5210 | D:6      | Reached *** piety under Okawaru
  5385 | D:6      | Found a runed translucent door.
  5386 | D:6      | Found a shimmering altar of Xom.
  5386 | D:6      | Noticed Nilihum's ghost (novice DEAl)
  5386 | D:6      | Noticed a +2 hand axe of chaos
  5435 | D:6      | Found a staircase to the Ecumenical Temple.
  5442 | Temple   | Entered the Ecumenical Temple
  5691 | D:6      | Paralysed by a +2 hand axe of chaos for 1 turns
  5693 | D:6      | HP: 3/61 [+2 hand axe of chaos (2)]
  5694 | D:6      | Slain by a +2 hand axe of chaos

Illustrated notes

Levels and vault maps discovered:
D:1:      ebering_hopf_link, layout_loops_ring,
          shapermc_ecumenical_altar_pompeii
D:2:      layout_basic, serial_corexii_hall, corexii_hall_statues_t,
          corexii_hall_statues_l, corexii_hall_statues_deadend,
          chequers_hall_statues_wall_a, minmay_vboxes
D:3:      layout_basic, gammafunk_ghost_grave, hex_medium, uniq_grinder,
          uniq_jessica, uniq_sigmund
D:4:      layout_basic, okawaru_gym_becter, mainiacjoe_overflow_brackets
D:5:      minmay_spotlight, layout_rooms, uniq_ijyb
D:6:      layout_basic, nicolae_vehumet_radiance,
          minmay_temple_entry_gardened_gates, nicolae_ossuary_entry_catacombs,
          ebering_ghost_xom, grunt_ministairs_13, uniq_jeremiah
Temple:   mainiacjoe_temple_bowtie_tessellation

Skill      XL: |  1  2  3  4  5  6  7  8  9 |
---------------+----------------------------+-----
Ranged Weapons | 4 5 7 8 10 12 | 12.6
Fighting       | |  2.0
Dodging        | |  1.7
Stealth        | |  0.7

Action                     |  1- 3 |  4- 6 |  7- 9 || total
---------------------------+-------+-------+-------++-------
   Fire: Sling             |   170 |   156 |   776 ||  1102
  Evoke: Wand              |       |     5 |       ||     5
    Use: Scroll            |     6 |     6 |     9 ||    21
         Potion            |       |       |     5 ||     5
 Armour: Leather armour    |    24 |     6 |   105 ||   135
  Dodge: Dodged            |    34 |     8 |    89 ||   131

Table legend: (Time is in decaauts)
 A = Elapsed time spent in this place.
 B = Non-inter-level travel time spent in this place.
 C = Inter-level travel time spent in this place.
 D = Time resting spent in this place.
 E = Time spent auto-exploring this place.
 F = Levels seen in this place.
 G = Mean time per level.
                   A        B        C        D        E       F      G
               +--------+--------+--------+--------+--------+-----+--------+
         Total |   5697 |   5288 |    409 |    315 |   3835 |   8 |  712.1 |
       Dungeon |   5371 |   4962 |    409 |    315 |   3610 |   6 |  895.2 |
        Temple |      1 |      1 |      0 |      0 |      0 |   1 |    1.0 |
       Ossuary |    324 |    324 |      0 |      0 |    225 |   1 |  324.0 |
               +--------+--------+--------+--------+--------+-----+--------+

Top non-repeatable levels by time:
     D:6: 1159 daAuts
     D:3: 1070 daAuts
     D:2: 951 daAuts
     D:4: 801 daAuts
     D:1: 773 daAuts
     D:5: 615 daAuts
 Ossuary: 324 daAuts
  Temple: 1 daAuts
